 Dungeon Crawl Stone Soup version 0.20.1-1-g8b1a95d (webtiles) character file.

221 letownia2 the Grave Robber (level 5, -11/42 HPs)
             Began as a Deep Dwarf Necromancer on Nov 23, 2017.
             Mangled by an ogre
             ... wielding a +0 giant club
              (24 damage)
             ... on level 5 of the Dungeon.
             The game lasted 00:08:13 (2530 turns).

letownia2 the Grave Robber (Deep Dwarf Necromancer) Turns: 2530, Time: 00:08:14

Health: -11/42     AC:  5    Str: 12    XL:     5   Next: 65%
Magic:  4/8        EV: 11    Int: 16    God:
Gold:   146        SH:  0    Dex: 13    Spells: 4/8 levels left

rFire    . . .     SeeInvis .   n - staff of poison
rCold    + . .     Gourm    .   (no shield)
rNeg     . . .     Faith    .   h - +0 ring mail
rPois    +         Spirit   .   (no helmet)
rElec    .         Reflect  .   (no cloak)
rCorr    .         Harm     .   (no gloves)
MR       .....                  (no boots)
Stlth    +.........             (no amulet)
Regen    0.0/turn               m - ring of protection from cold
MPRegen  0.2/turn               (no ring)

@: non-regenerating
A: damage resistance, heal wounds, sense surroundings 1, no regeneration
a: Heal Wounds


You were on level 5 of the Dungeon.
You were hungry.

You visited 1 branch of the dungeon, and saw 5 of its levels.

You collected 146 gold pieces.

Inventory:

Hand Weapons
 k - a +0 rapier
 r - a cursed -2 battleaxe
Missiles
 s - 2 javelins of penetration (quivered)
Armour
 a - a +2 robe of positive energy
 h - a +0 ring mail (worn)
Magical Staves
 n - an uncursed staff of poison (weapon)
Jewellery
 m - a ring of protection from cold (left hand)
Wands
 q - a wand of paralysis (17/24)
Scrolls
 e - 2 scrolls of remove curse {unknown}
 i - a scroll of enchant armour {unknown}
 l - 2 scrolls of magic mapping {unknown}
 o - 2 scrolls of amnesia
 p - a scroll of fear {unknown}
 v - a scroll of vulnerability {unknown}
 x - a scroll of identify {unknown}
Potions
 d - 2 potions of haste {unknown}
 f - a potion of invisibility {unknown}
 j - a potion of mutation {unknown}
 t - a potion of berserk rage {unknown}
 z - a potion of degeneration {unknown}
Books
 b - a book of Necromancy

   Spells                             Type                      Level
   a - Pain                           Necromancy                   1
   b - Animate Skeleton               Necromancy                   1
   c - Vampiric Draining              Necromancy                   3
   d - Regeneration                   Charms/Necromancy            3
   e - Animate Dead                   Necromancy                   4
   f - Control Undead                 Necromancy                   4
Comestibles
 c - 3 bread rations
 g - a royal jelly
 u - a meat ration
 w - 2 chunks of flesh


   Skills:
 - Level 2.1 Dodging
 - Level 2.4 Stealth
 - Level 2.0 Spellcasting
 + Level 7.5 Necromancy


You had 4 spell levels left.
You knew the following spells:

 Your Spells              Type           Power        Failure   Level  Hunger
a - Pain                  Necr           ####         1%          1    #......
v - Vampiric Draining     Necr           ####......   6%          3    ###....


Dungeon Overview and Level Annotations

Branches:
Dungeon (5/15)
 Temple: D:4-7

Altars:
Hepliaklqana
Qazlal
Xom
Yredelemnul

Annotations:
D:4 exclusion: upstairs


Innate Abilities, Weirdness & Mutations

You are resistant to damage.
You can heal yourself by infusing magical energy.
You passively map a small area around you.
You do not regenerate.


Message History

The javelin of penetration pierces through the shadow imp.
The shadow imp is lightly wounded.
The ogre hits you with a giant club!!
Ouch! That really hurt!
* * * LOW HITPOINT WARNING * * *
Unknown command.
Unknown command.
Unknown command.
Unknown command.
Casting: Pain
Confirm with . or Enter, or press ? or * to list all spells.
Aiming: Vampiric Draining
Press: ? - help, Shift-Dir - straight line, f/p - ogre
Aim: an ogre, wielding a giant club (heavily wounded)
The ogre is almost dead.
You feel life coursing into your body.
You are feeling hungry.
The ogre hits you with a giant club!!
Ouch! That really hurt!
You die...

..., * ..,
###,#(#,### .. *
, ......... ##5
##
#.#.#.#**#(.*#.
#.....# #.# #.
*#.# #.# #. #.#
#.# #.
########.######.#
#.
#..@O..5..(.....#
#.
#.######.########
#. #.# #.# #.
#.## #.# #. #..#
#.# ###. ##.# #<#
#... ##.#
#.########.##
#..#
#.......##.##
#>##
#######.##)##


You could see an ogre and a shadow imp.

Vanquished Creatures
  A scorpion (D:5)
  A hound (D:4)
  A jelly (D:5)
  An orc wizard (D:5)
  An iguana (D:4)
  2 adders (D:4)
  An adder skeleton (D:4)
  5 leopard geckos
  An orc (D:3)
  4 giant cockroaches
  3 goblins
  2 hobgoblins
  2 quokkas
  2 ball pythons
  4 bats
  4 frilled lizards
  2 kobolds
  A quokka skeleton (D:5)
  3 rats
41 creatures vanquished.

Vanquished Creatures (others)
  A scorpion (D:5)
  A worker ant (D:5)
  An adder (D:5)
3 creatures vanquished.

Grand Total: 44 creatures vanquished

Notes
Turn   | Place    | Note
-------+----------+-------------------------------------------
     0 | D:1      | letownia2 the Deep Dwarf Necromancer began the quest for the Orb.
     0 | D:1      | Reached XP level 1. HP: 15/15 MP: 3/3
   277 | D:1      | Reached XP level 2. HP: 22/22 MP: 0/5
   691 | D:3      | Reached skill level 5 in Necromancy
   927 | D:4      | Reached XP level 3. HP: 28/28 MP: 0/6
  1051 | D:4      | Learned a level 3 spell: Vampiric Draining
  1327 | D:4      | Found a stormy altar of Qazlal.
  1328 | D:4      | Found a hazy altar of Hepliaklqana.
  1464 | D:4      | Reached XP level 4. HP: 33/36 MP: 5/7
  1489 | D:4      | Reached skill level 6 in Necromancy
  1499 | D:4      | Found a basalt altar of Yredelemnul.
  1814 | D:5      | Entered Level 5 of the Dungeon
  1939 | D:5      | Reached skill level 7 in Necromancy
  1939 | D:5      | Reached XP level 5. HP: 28/42 MP: 1/8
  2025 | D:5      | Noticed a phantom
  2096 | D:4      | Found a shimmering altar of Xom.
  2510 | D:5      | Noticed an ogre
  2530 | D:5      | Mangled by an ogre

Skill      XL: |  1  2  3  4 |
---------------+-------------+-----
Spellcasting   | 2 |  2.0
Necromancy     | 5 7 |  7.5
Dodging        | |  2.1
Stealth        | |  2.4

Action                   |  1- 3 |  4- 6 || total
-------------------------+-------+-------++-------
Melee: Unarmed           |     1 |       ||     1
       Staff             |     1 |    34 ||    35
Throw: Javelin           |       |     2 ||     2
 Cast: Pain              |    46 |    22 ||    68
       Vampiric Draining |       |    12 ||    12
  Use: Scroll            |       |     1 ||     1
  Eat: Chunk             |     2 |     5 ||     7
Armor: Robe              |     3 |       ||     3
       Ring mail         |     3 |    17 ||    20
Dodge: Dodged            |    21 |    27 ||    48
